 Dungeon Crawl Stone Soup version 0.28-a0-991-g956f0ee3d5 (webtiles) character file.

Game seed: 12310386307719736823

46 KennySheep the Ruffian (level 3, -2/36 HPs)
             Began as a Troll Monk on Dec 5, 2021.
             Was a Priest of the Shining One.
             Slain by a quokka (3 damage)
             ... on level 2 of the Dungeon.
             The game lasted 00:03:26 (776 turns).

KennySheep the Ruffian (Troll Monk)                  Turns: 776, Time: 00:03:27

Health: -2/36      AC:  4    Str: 21    XL:     3   Next: 44%
Magic:  2/2        EV: 10    Int:  6    God:    the Shining One [***...]
Gold:   44         SH:  0    Dex: 12    Spells: 2/2 levels left

rFire   . . .      SeeInvis .     - Unarmed
rCold   . . .      Faith    .   (no shield)
rNeg    + . .      Spirit   .   a - +0 robe
rPois   .          Reflect  .   (helmet restricted)
rElec   .          Harm     .   (no cloak)
rCorr   .          Rampage  .   (gloves unavailable)
Will    .....                   (boots unavailable)
Stlth   +.........              (no amulet)
HPRegen 0.92/turn               (no ring)
MPRegen 0.08/turn               (no ring)

@: glowing
A: large, unfitting armour, claws 3, regeneration 1, shaggy fur 1, tough skin 1
a: Renounce Religion, Divine Shield, Cleansing Flame


You were on level 2 of the Dungeon.
You worshipped the Shining One.
The Shining One was most pleased with you.
You visited 1 branch of the dungeon, and saw 2 of its levels.

You collected 74 gold pieces.
You spent 30 gold pieces at shops.

Inventory:

Armour
 a - a +0 robe (worn)
Jewellery
 f - a +4 ring of protection
Wands
 g - a wand of polymorph (6)
Scrolls
 c - 2 scrolls of teleportation
 d - a scroll of immolation {unknown}
 e - 3 scrolls of identify {unknown}
 h - a scroll of holy word {unknown}
 i - a scroll of silence {unknown}
 j - a scroll of fog {unknown}
Potions
 b - 2 potions of invisibility {unknown}


   Skills:
 + Level 2.9 Fighting
 + Level 2.9 Dodging
 - Level 1.0 Stealth
 - Level 3.4 Unarmed Combat
 + Level 0.4 Invocations


You had 2 spell levels left.
You didn't know any spells.
Your spell library contained the following spells:

 Spells                   Type           Power      Damage    Failure   Level
 Foxfire                  Conj/Fire      0%         2x1d4     45%         1
 Sting                    Tmut/Pois      0%         1d3       45%         1
 Conjure Flame            Conj/Fire      0%         6-21      83%         3
 Inner Flame              Hex/Fire       0%         N/A       83%         3
 Spider Form              Tmut/Pois      0%         N/A       83%         3
 Flame Wave               Conj/Fire      0%         2d4       99%         4
 Eringya's Noxious Bog    Tmut/Pois      0%         N/A       100%        6


Dungeon Overview and Level Annotations

Branches:
Dungeon (2/15)

Altars:
The Shining One

Shops:
D:1 ?

Annotations:
D:2 Robin


Innate Abilities, Weirdness & Mutations

You are too large for most types of armour.
You have claws for hands.
Your natural rate of healing is unusually fast.
You are covered in fur. (AC +1)
You have tough skin. (AC +1)


Message History

The goblin unwields a +1 dagger of speed.
The goblin wields a +0 hunting sling.
The goblin shoots a stone.
The stone barely misses you.
The stone barely misses the goblin.
A goblin comes into view. It is wielding a +0 dagger of flaming.
You scratch Robin.
Robin is moderately wounded.
The quokka bites you. The goblin hits you with a +0 dagger.
The goblin completely misses you.
Robin says, "A pitiful Troll like you will never find the ORB!"
Robin roars a battlecry!
The goblins go into a battle-frenzy!
The goblin shoots a stone.
The stone hits you.
You barely miss Robin.
Robin is moderately wounded.
The quokka barely misses you. The goblin hits you with a +0 dagger.
The goblin hits you with a +0 club.
Robin says, "My army is invincible!"
Robin roars a battlecry!
The goblin goes into a battle-frenzy!
Okay, then.
Okay, then.
You barely miss Robin.
Robin is moderately wounded.
The quokka misses you. The goblin hits you but does no damage.
The goblin hits you with a +0 club.
Robin's bangles clink loudly.
Robin hits you with a +1 mace of holy wrath.
* * * LOW HITPOINT WARNING * * *
The goblin shoots a stone.
The stone completely misses you.
The stone barely misses the goblin.
The goblin hits you but does no damage. The quokka bites you.
* * * LOW HITPOINT WARNING * * *
You scratch Robin.
Robin is heavily wounded.
The goblin hits you but does no damage. The goblin hits you with a +0 club.
* * * LOW HITPOINT WARNING * * *
Robin hits you with a +1 mace of holy wrath.
* * * LOW HITPOINT WARNING * * *
The quokka bites you.
You die...

####### #...........#
#.....# ### #...........#
###..##.###.# ##...........#
#.......#.#.###............#
...........................#
......).....###............#
.##........................#
.##.##.#..#...#ggg.........#
.##.##.......ggr@..........#
<##.##....#.>###.g.........#
..†.#....##... #g########.##
.####..#.##...##g# .# .#
....##...##g# .# .......g#
.# .>....#.....!.. ..
....#...#.#.... .. ...
#.#...g. #.


You could see Robin, a quokka and 9 goblins.

Vanquished Creatures
  An adder (D:2)
  A dart slug (D:1)
  2 ball pythons
  3 endoplasms (D:1)
  3 giant cockroaches (D:1)
  A hobgoblin (D:1)
  6 jackals (D:1)
  2 quokkas (D:1)
  2 bats (D:1)
  4 goblins
  A kobold (D:1)
  5 rats (D:1)
31 creatures vanquished.

Vanquished Creatures (others)
  2 fungi (D:1)
2 creatures vanquished.

Grand Total: 33 creatures vanquished

Notes
Turn   | Place    | Note
-------+----------+-------------------------------------------
     0 | D:1      | KennySheep the Troll Monk began the quest for the Orb.
     0 | D:1      | Reached XP level 1. HP: 22/22 MP: 0/0
    46 | D:1      | Reached XP level 2. HP: 29/29 MP: 1/1
   407 | D:1      | Found Oraggugu's Magic Scroll Emporium.
   416 | D:1      | Bought a scroll of teleportation for 30 gold pieces
   441 | D:1      | Found a faded altar of an unknown god.
   452 | D:1      | Reached XP level 3. HP: 36/36 MP: 2/2
   461 | D:1      | Prayed at the altar of an unknown god.
   461 | D:1      | Became a worshipper of the Shining One
   461 | D:1      | Reached * piety under the Shining One
   461 | D:1      | Reached ** piety under the Shining One
   728 | D:2      | Got Sif Muna's Reference Book on Poison
   755 | D:2      | Reached *** piety under the Shining One
   755 | D:2      | Noticed Robin
   776 | D:2      | HP: 1/36 [Robin (2)]
   776 | D:2      | Slain by a quokka

Illustrated notes

Levels and vault maps discovered:
D:1:      minmay_arrival_doors, layout_rooms, shapermc_ecumenical_altar_gd,
          serial_shops, shop, minivault_5, chequers_serial_rivers_micro_c,
          chequers_serial_rivers_small_3
D:2:      layout_basic, uniq_robin

Action                   || total
-------------------------++-------
Melee: Unarmed           ||    76
Armor: Robe              ||    21
Dodge: Dodged            ||    43

Table legend: (Time is in decaauts)
 A = Elapsed time spent in this place.
 B = Non-inter-level travel time spent in this place.
 C = Inter-level travel time spent in this place.
 D = Time resting spent in this place.
 E = Time spent auto-exploring this place.
 F = Levels seen in this place.
 G = Mean time per level.
                   A        B        C        D        E       F      G
               +--------+--------+--------+--------+--------+-----+--------+
         Total |    774 |    747 |     27 |      0 |    566 |   2 |  387.0 |
       Dungeon |    774 |    747 |     27 |      0 |    566 |   2 |  387.0 |
               +--------+--------+--------+--------+--------+-----+--------+

Top non-repeatable levels by time:
     D:1: 714 daAuts
     D:2: 60 daAuts
